 Dungeon Crawl Stone Soup version 0.30.1-11-g7821555f0a (webtiles) character file.

Game seed: 4177165317523933712

4497 Nonny the Covert (level 10, 0/84 HPs)
             Began as a Kobold Cinder Acolyte on Nov 11, 2023.
             Was a High Priest of Ignis.
             Killed by vampiric draining
             ... invoked by a vampire
              (13 damage)
             ... on level 9 of the Dungeon.
             The game lasted 00:31:40 (10535 turns).

Nonny the Covert (Kobold Cinder Acolyte)           Turns: 10535, Time: 00:31:41

Health: 0/84       AC:  4    Str: 11    XL:     10   Next: 65%
Magic:  11/11      EV: 18    Int: 16    God:    Ignis [*****.]
Gold:   217        SH:  0    Dex: 15    Spells: 11/11 levels left

rFire   + . .        H - +2 rapier (venom)
rCold   . . .        (no shield)
rNeg    . . .        b - +0 robe
rPois   .            (no helmet)
rElec   .            (no cloak)
rCorr   .            i - +0 pair of gloves
SInv    .            p - +0 pair of boots
Will    .....        h - amulet of the acrobat Stlth
                     (no ring)
HPRegen 0.34/turn    (no ring)
MPRegen 0.12/turn

%: acrobat
@: berserking, studying Long Blades, very quick
A: small, no large weapons, nightstalker 3
a: Renounce Religion, Fiery Armour, Foxfire Swarm, Rising Flame


You were on level 9 of the Dungeon.
You worshipped Ignis.
Ignis was extremely pleased with you.
You visited 2 branches of the dungeon, and saw 10 of its levels.
You also visited: Ossuary.

You collected 425 gold pieces.
You spent 208 gold pieces at shops.

Inventory:

Hand Weapons
 a - a +6 dagger of freezing
 c - a +0 dagger of electrocution
 f - a +2 dagger of protection
 H - a +2 rapier of venom (weapon)
Missiles
 k - a throwing net (quivered)
 o - 18 poisoned darts
Armour
 b - a +0 robe (worn)
 i - a +0 pair of gloves (worn)
 p - a +0 pair of boots (worn)
Jewellery
 h - an amulet of the acrobat (around neck)
 A - a +6 ring of dexterity
 B - an amulet of magic regeneration
 C - an amulet of guardian spirit
Wands
 l - a wand of polymorph (9)
 F - a wand of paralysis (8)
 I - a wand of digging (2)
 J - a wand of flame (33)
 N - a wand of acid (5)
Scrolls
 d - 3 scrolls of teleportation
 e - a scroll of blinking {unknown}
 g - 4 scrolls of magic mapping
 j - a scroll of brand weapon {unknown}
 n - 4 scrolls of vulnerability {unknown}
 q - 2 scrolls of immolation {unknown}
 r - 3 scrolls of noise {unknown}
 s - a scroll of fear {unknown}
 u - 2 scrolls of enchant weapon {unknown}
 v - a scroll of acquirement {unknown}
 y - 2 scrolls of amnesia {unknown}
 D - 4 scrolls of poison
 E - 3 scrolls of fog {unknown}
Potions
 m - 2 potions of curing
 t - a potion of mutation
 w - a potion of heal wounds
 x - 3 potions of magic
 z - 2 potions of might
 G - a potion of attraction
 L - 2 potions of cancellation {unknown}
 M - 2 potions of ambrosia


   Skills:
 - Level 3.2 Fighting
 + Level 12.0 Short Blades
 + Level 7.6 Dodging
 + Level 14.1 Stealth
 - Level 1.1 Spellcasting
 - Level 3.0 Fire Magic


You had 11 spell levels left.
You didn't know any spells.
Your spell library contained the following spells:

 Spells                   Type           Power      Damage    Failure   Level
 Scorch                   Fire           20%        2d6       10%         2
 Necrotise                Necr           0%         1d4       22%         1
 Ensorcelled Hibernation  Hex/Ice        0%         N/A       34%         2
 Lesser Beckoning         Tloc           0%         N/A       34%         2
 Passwall                 Tmut/Erth      0%         N/A       34%         2
 Poisonous Vapours        Pois/Air       0%         N/A       34%         2
 Gell's Gravitas          Tloc           0%         N/A       56%         3
 Mephitic Cloud           Conj/Pois/Air  0%         N/A       56%         3
 Swiftness                Air            0%         N/A       56%         3
 Teleport Other           Tloc           0%         N/A       56%         3
 Vampiric Draining        Necr           0%         2d6       56%         3
 Agony                    Necr           0%         N/A       99%         5
 Freezing Cloud           Conj/Ice/Air   0%         6-21      99%         5


Dungeon Overview and Level Annotations

Branches:
Dungeon (9/15)             Temple (1/1) D:7         Ossuary (visited)
   Lair: D:8-11         Orc: D:9-12

Altars:
Ashenzari
Cheibriados
Dithmenos
Elyvilon
Fedhas
Gozag
Hepliaklqana
Kikubaaqudgha
Makhleb
Nemelex Xobeh
Okawaru
Qazlal
Ru
Sif Muna
Trog
Uskayaw
Wu Jian
Xom
Yredelemnul
Zin
The Shining One

Shops:
D:5 [!?[?   D:7 :

Annotations:
D:4 Grinder
D:7 1 runed translucent door, exclusion: door, Crazy Yiuf
D:8 JimboTheBarbarian's ghost, novice MiFi
D:9 exclusion: 2 killer bees, Harold


Innate Abilities, Weirdness & Mutations

You are small and have problems with some larger weapons.
You are completely attuned to the shadows.


Message History

You feel less confused. The vampire barely misses you. x2
You hit the vampire.
The vampire is moderately damaged.
The vampire points at you and mumbles some strange words.
You are confused.
You bump into the rock wall.
The vampire closely misses you. The vampire misses you.
You're too confused to move!
The vampire misses you. The vampire barely misses you.
The vampire attacks as you move away! The vampire closely misses you.
The vampire bites you!
The vampire draws strength from your injuries!
You bump into the rock wall.
The vampire misses you. The vampire closely misses you.
Unknown command.
You hit the vampire.
The vampire is moderately damaged.
The vampire attacks as you move away! The vampire hits you.
The vampire bites you!
The vampire draws strength from your injuries!
You feel less confused.
You hit the vampire.
The vampire is moderately damaged.
The vampire hits you!
* * * LOW HITPOINT WARNING * * *
The vampire closely misses you.
You puncture the vampire!
The vampire is heavily damaged.
Unknown command.
A red film seems to cover your vision as you go berserk!
You feel yourself moving faster!
You feel mighty! The vampire draws life force from you.
* * * LOW HITPOINT WARNING * * *
The vampire is healed by the life force!
Unknown command.
You puncture the vampire!
The vampire is severely damaged.
The vampire draws life force from you!
You die...

.......# .....### .......#
...##...... .......#
########..#.....##
.......#......#...).....#..##...
#......#.).).....#..#..).
#......#.)..).)#......|..
#......#)......#...#.}..#
########......##+####.#...#...##
................@VD...#...###...
###'#............####.##.......!
#...#....######..# #..#......
#...#.####....#..# #..###....
#<..#.#.......#..# #....#####
##+##@#.......#.## ##.......
......+.......#.# ##..#..
/.....#.......#.#######.##
......#######'#.........#


You could see a vampire and an acid dragon.

Vanquished Creatures
  A hornet (D:8)
  5 yaks
  Eustachio (D:6)
  A basilisk (D:7)
  Menkaure (D:7)
  Edmund (D:6)
  A water moccasin (D:7)
  Duvessa (D:6)
  2 sky beasts
  2 black bears
  An ogre (D:7)
  A centaur (D:6)
  2 kobold brigands
  Blork the orc (D:6)
  2 gnoll sergeants
  2 bullfrogs
  A scorpion (D:5)
  3 water moccasin zombies (Ossuary)
  Dowan (D:6)
  6 killer bees (D:8)
  6 electric eels (D:6)
  3 howler monkeys
  A gnoll bouda (D:4)
  2 hounds
  3 orc priests
  Jessica (D:3)
  A sleepcap (D:5)
  9 orc wizards
  5 iguanas
  A centaur simulacrum (D:8)
  2 mummies (Ossuary)
  12 gnolls
  6 adders
  2 shadow imps (D:7)
  2 white imps
  An ufetubus (D:4)
  2 adder zombies (Ossuary)
  A worm (D:2)
  A dart slug (D:1)
  27 orcs
  3 ball pythons (D:1)
  12 endoplasms
  5 giant cockroaches
  4 gnoll zombies (Ossuary)
  4 goblins
  7 hobgoblins
  4 jackals
  5 quokkas
  8 bats
  2 frilled lizards
  A goblin zombie (D:5)
  8 hobgoblin zombies (Ossuary)
  14 kobolds
  4 kobold zombies (Ossuary)
  3 orc zombies (Ossuary)
  7 rats
  A rat zombie (D:5)
216 creatures vanquished.

Notes
Turn   | Place    | Note
-------+----------+-------------------------------------------
     0 | D:1      | Nonny the Kobold Cinder Acolyte began the quest for the
                  | Orb.
     0 | D:1      | Reached XP level 1. HP: 14/14 MP: 2/2
    58 | D:1      | Reached skill level 1 in Stealth
    70 | D:1      | Reached XP level 2. HP: 11/19 MP: 3/3
   316 | D:1      | Reached skill level 2 in Stealth
   316 | D:1      | Reached XP level 3. HP: 11/23 MP: 4/4
   434 | D:1      | Reached skill level 5 in Short Blades
   990 | D:1      | Reached skill level 3 in Stealth
   990 | D:1      | gnoll with a spear in the west
  1068 | D:1      | Reached XP level 4. HP: 28/28 MP: 5/5
  1070 | D:1      | amulet of the acrobat
  1438 | D:2      | Reached skill level 4 in Stealth
  1543 | D:2      | Two orc priests on this floor.
  1599 | D:2      | Reached XP level 5. HP: 23/32 MP: 6/6
  1811 | D:2      | Reached skill level 5 in Stealth
  2299 | D:3      | Noticed Jessica
  2303 | D:3      | Killed Jessica
  2690 | D:4      | Noticed a yak
  2691 | D:4      | Noticed a yak
  2695 | D:4      | Noticed a yak
  2695 | D:4      | Noticed a yak
  2801 | D:4      | Reached XP level 6. HP: 37/37 MP: 7/7
  2851 | D:4      | Reached skill level 6 in Stealth
  3300 | D:4      | Noticed Grinder
  3328 | D:4      | Reached skill level 1 in Dodging
  3684 | D:5      | Entered Level 5 of the Dungeon
  3698 | D:5      | Found Apsotan's Distillery.
  3701 | D:5      | Bought a potion of curing for 42 gold pieces
  3701 | D:5      | Bought a potion of heal wounds for 70 gold pieces
  3742 | D:5      | Noticed an ogre
  3851 | D:5      | Found a sand-covered staircase.
  3865 | Ossuary  | Entered an ossuary
  3921 | Ossuary  | Reached skill level 7 in Stealth
  3935 | Ossuary  | Reached XP level 7. HP: 32/41 MP: 8/8
  4154 | D:5      | Reached skill level 8 in Stealth
  4163 | D:5      | Reached XP level 8. HP: 46/46 MP: 9/9
  4208 | D:5      | Manual of longblades in western vault with enemies like
                  | scorpion and hound.
  4357 | D:5      | Found Fakkanot's Magic Scroll Boutique.
  4362 | D:5      | Bought a scroll of teleportation for 36 gold pieces
  4362 | D:5      | Bought a scroll of teleportation for 36 gold pieces
  4362 | D:5      | Bought a scroll of identify for 24 gold pieces
  4475 | D:5      | Found Xaejeurgh's Antique Armour Emporium.
  4525 | D:5      | Found Yhyad's Magic Scroll Emporium.
  4849 | D:5      | Found Rameufol's Antique Armour Shop.
  4936 | D:5      | Reached skill level 9 in Stealth
  5177 | D:6      | Noticed Eustachio
  5180 | D:6      | Killed Eustachio
  5214 | D:6      | Noticed Blork the orc
  5239 | D:6      | Killed Blork the orc
  5249 | D:6      | Found a burning altar of Makhleb.
  5346 | D:6      | Noticed Duvessa
  5347 | D:6      | Noticed Dowan
  5358 | D:6      | Killed Duvessa
  5359 | D:6      | Reached skill level 10 in Stealth
  5364 | D:6      | Killed Dowan
  5481 | D:6      | Reached XP level 9. HP: 47/51 MP: 10/10
  5499 | D:6      | Noticed Edmund
  5644 | D:6      | Paralysed by Edmund for 4 turns
  5650 | D:6      | Paralysed by Edmund for 4 turns
  5662 | D:6      | Paralysed by Edmund for 4 turns
  5673 | D:6      | Killed Edmund
  5839 | D:6      | Reached skill level 11 in Stealth
  5941 | D:6      | HP: 2/51 [gnoll sergeant/+0 spear (10)]
  6217 | D:6      | Reached skill level 5 in Dodging
  6297 | D:6      | Identified the +6 flail of Dyadeg {protect, rPois rF- rN+}
  6301 | D:6      | Reached skill level 10 in Short Blades
  6508 | D:7      | Noticed Menkaure
  6512 | D:7      | Killed Menkaure
  6513 | D:7      | Reached skill level 12 in Stealth
  6648 | D:7      | Found a staircase to the Ecumenical Temple.
  6654 | Temple   | Entered the Ecumenical Temple
  7109 | Temple   | Temple: lava star, deep water edges
  7134 | D:7      | Temple entrance: the lava walk
  7154 | D:7      | Found Ruilatex's Book Emporium.
  7309 | D:7      | basilisk
  7676 | D:7      | Found a runed translucent door.
  7679 | D:7      | Noticed Crazy Yiuf
  7814 | D:7      | Reached XP level 10. HP: 56/56 MP: 11/11
  7863 | D:7      | Reached skill level 13 in Stealth
  8138 | D:7      | Found a hazy altar of Hepliaklqana.
  8703 | D:8      | Found a sparkling altar of Nemelex Xobeh.
  9784 | D:8      | Found a runed translucent gate.
  9784 | D:8      | Found a runed translucent gate.
  9784 | D:8      | Found a runed translucent gate.
  9848 | D:8      | Reached skill level 14 in Stealth
 10032 | D:8      | Noticed a spectral unseen horror
 10032 | D:8      | Noticed JimboTheBarbarian's ghost (novice MiFi)
 10384 | D:9      | Noticed Harold
 10535 | D:9      | Killed from afar by a vampire

Illustrated notes

#.# #............# #.###
#.# ###...########.#
###♣. #####.# .........#
#.# #♣.. ......#
##...###.# #.# #...
####### #...# .# #.#
#..♣ #...###.## #.# #...
#........###.### ###..
##.......##....# #.∩..
#....@).##....# ###..
#.......##....# #...
#.......###.### ###.
######.## #.#######.∩.
.# #.......###. ####
#####......#.. .......
........#..#.. .......#
......#....#..
.......############.##..


Turn 990 on D:1: gnoll with a spear in the west #.# #.......(†..... #.# ##.
.....#######.... #.# #.. .....# #.... #.# #.#####.##..# #.... #.# #.#.#.#.?#..
#.... #.# #....)..## ####. #.# #.##†....# #. #.## #.#.:...##. #.
#.##.#.##..@.... ## #.##.#.#[.#.#[#. # #.##...##.### # #.##....... #.##......#
##.##.###### #.....# ####### Turn 1070 on D:1: amulet of the acrobat
.......#.###.## .......#......## #####..#####..[#### ...........#.#....#
#####..###.#.##...+ .........#.#.##...# ####.#.#.#...##...# .......#.######...#
##.......# #.@.# ##############...# #))......# #†#####+## #.....# .. #..
